 Dungeon Crawl Stone Soup version 0.30-a0-824-g6c64550be9 (webtiles) character file.

Game seed: 11167443141891375963

2469 Pimp the Trooper (level 9, -2/69 HPs)
             Began as a Demonspawn Berserker on Feb 27, 2023.
             Was an Elder of Trog.
             Slain by a swamp worm (14 damage)
             ... on level 7 of the Dungeon.
             The game lasted 00:16:08 (6348 turns).

Pimp the Trooper (Demonspawn Berserker)             Turns: 6348, Time: 00:16:09

Health: -2/69      AC: 17    Str: 21    XL:     9   Next: 26%
Magic:  9/9        EV:  9    Int: 10    God:    Trog [****..]
Gold:   372        SH:  0    Dex: 12    Spells: 8/8 levels left

rFire   . . .      SeeInvis .    s - +5 battleaxe
rCold   + . .      Faith    .    (shield currently unavailable)
rNeg    . . .      Spirit   .    E - +2 chain mail {rC+}
rPois   .          Reflect  .    (helmet restricted)
rElec   .          Harm     .    (no cloak)
rCorr   .          Rampage  .    k - +0 pair of gloves
Will    .....                    u - +1 pair of boots Stlth
                                 (no amulet)
HPRegen 0.31/turn                (no ring)
MPRegen 0.11/turn                (no ring)

@: no status effects
A: horns 2, yellow scales 1, foul stench 2
a: Renounce Religion, Berserk, Trog's Hand, Brothers in Arms


You were on level 7 of the Dungeon.
You worshipped Trog.
Trog was greatly pleased with you.
You visited 1 branch of the dungeon, and saw 7 of its levels.
You also visited: Ossuary.

You collected 372 gold pieces.

Inventory:

Hand Weapons
 a - a +1 hand axe
 p - the +8 longbow "Utemin" {flame, rElec rF++ Int+3}
   (You acquired it on level 4 of the Dungeon)

   Int:       It affects your intelligence (+3).
   rF:        It greatly protects you from fire.
   rElec:     It insulates you from electricity.
 s - a +5 battleaxe (weapon)
Missiles
 e - 6 boomerangs (quivered)
 j - 3 javelins
Armour
 c - a +2 ring mail of cold resistance
 k - a +0 pair of gloves (worn)
 m - a +0 buckler
 u - a +1 pair of boots (worn)
 E - a +2 chain mail of cold resistance (worn)
Jewellery
 y - a ring of see invisible
Wands
 g - a wand of mindburst (13)
 D - a wand of flame (16)
 F - a wand of polymorph (6)
Scrolls
 b - a scroll of amnesia {unknown}
 d - 3 scrolls of magic mapping
 l - 5 scrolls of identify
 t - 7 scrolls of teleportation
 x - a scroll of noise {unknown}
 z - 3 scrolls of immolation
Potions
 f - 2 potions of might
 h - 2 potions of attraction {unknown}
 i - a potion of invisibility {unknown}
 n - 2 potions of curing {unknown}
 o - 3 potions of lignification {unknown}
 q - a potion of flight {unknown}
 r - 6 potions of mutation {unknown}
 v - 2 potions of haste {unknown}
 A - a potion of brilliance {unknown}
 B - a potion of heal wounds {unknown}
 C - 2 potions of magic {unknown}


   Skills:
 + Level 5.8 Fighting
 + Level 5.3 Axes
 * Level 5.0 Ranged Weapons
 + Level 4.9 Armour
 + Level 4.8 Dodging
 + Level 3.9 Shields


You had 8 spell levels left.
You didn't know any spells.
Your spell library was empty.

Dungeon Overview and Level Annotations

Branches:
Dungeon (7/15)             Temple (0/1) D:6         Ossuary (visited)

Altars:
Qazlal
Ru
Uskayaw

Shops:
D:2 !


Innate Abilities, Weirdness & Mutations

You have a pair of horns on your head.
You are partially covered in yellow scales. (AC +2)
You sometimes emit foul miasma when damaged in melee.


Message History

Your unstable footing causes you to fumble your attack.
The swamp worm bites the plant!!
You slice the plant!! You headbutt the plant!
The plant is moderately damaged.
You slash the plant! You hit the plant.
A nearby plant withers and dies.
A nearby plant withers and dies. x2; The swamp worm bites you.
The swamp worm fires a harpoon shot at you.
The harpoon shot misses you.
The swamp worm bites you but does no damage.
The swamp worm fires a harpoon shot at you.
The harpoon shot hits you!
You are yanked forward by the harpoon shot.
Splash!
You fall into the shallow water.
Moving in this stuff is going to be slow.
The swamp worm bites you.
The swamp worm attacks as you move away!
The swamp worm closely misses you.
The swamp worm attacks as you move away!
The swamp worm bites you but does no damage.
The swamp worm bites you!
You emit a cloud of foul miasma!
The swamp worm bites you!
The swamp worm is engulfed in dark miasma.
The swamp worm is poisoned.
The swamp worm fires a harpoon shot at you.
The harpoon shot hits you!
* * * LOW HITPOINT WARNING * * *
You are yanked forward by the harpoon shot.
The swamp worm bites you but does no damage.
Okay, then.
Okay, then.
Okay, then.
Okay, then.
Okay, then.
Unknown command.
Your two-headed ogre goes berserk!
Trog will no longer gift you weapons.
The swamp worm is engulfed in dark miasma.
The swamp worm looks even sicker.
The swamp worm bites you!
You die...

..###.......~≈##~~~## ~.#
....)..<....~~#~~~~~ ~~.#
..#########.~≈##~~~##≈~.#
..# ##~~~#~~$#~~~.# ..#
##~~##~##~~..# ..#
#########~≈~~~≈~# # ##.
.........~~~~~~~#.# .
#########.~ww~~...# .
#.#@#...#.#
#.......#O#####
#####.###.# #. #.# . #.#
#. #.# # #.# ..# ###


You could see 2 swamp worms and a friendly two-headed ogre (summoned, berserk).

Vanquished Creatures
  A steam dragon (D:6)
  Edmund (D:6)
  3 water moccasins
  An ice beast (D:5)
  A sky beast (D:5)
  2 black bears
  An ogre (D:5)
  The ghost of epsilonplus the Shooter, an amateur TeHu (D:4)
  An elf zombie (Ossuary)
  A kobold brigand (D:7)
  A bullfrog (D:6)
  2 necrophages (D:6)
  A scorpion (D:5)
  4 wights (D:4)
  A howler monkey (D:4)
  2 centaur zombies (Ossuary)
  2 orc priests
  3 hounds
  A human zombie (Ossuary)
  Ijyb (D:5)
  5 iguanas
  An orc wizard (D:5)
  2 mummies (Ossuary)
  11 gnolls (D:5)
  3 adders
  2 white imps (D:5)
  3 adder zombies (Ossuary)
  3 worms
  3 dart slugs
  8 orcs
  5 bats
  6 endoplasms
  3 giant cockroaches
  24 goblins
  33 hobgoblins
  3 jackals (D:1)
  8 ball pythons
  3 frilled lizards (D:2)
  2 goblin zombies (Ossuary)
  12 hobgoblin zombies (Ossuary)
  3 jackal zombies (Ossuary)
  9 kobolds
  7 kobold zombies (Ossuary)
  5 orc zombies (Ossuary)
  A rat (D:1)
196 creatures vanquished.

Vanquished Creatures (others)
  6 plants
6 creatures vanquished.

Grand Total: 202 creatures vanquished

Notes
Turn   | Place    | Note
-------+----------+-------------------------------------------
     0 | D:1      | Pimp the Demonspawn Berserker began the quest for the Orb.
     0 | D:1      | Reached XP level 1. HP: 18/18 MP: 1/1
   281 | D:1      | Found a faded altar of an unknown god.
   335 | D:1      | Gained mutation: You are partially covered in yellow
                  | scales. (AC +2) [demonic ancestry]
   335 | D:1      | Reached XP level 2. HP: 24/24 MP: 2/2
   915 | D:2      | Reached XP level 3. HP: 22/29 MP: 3/3
  1119 | D:2      | Found Wavyh's Distillery.
  1265 | D:2      | Reached ** piety under Trog
  2120 | D:3      | Gained mutation: You have a pair of small horns on your
                  | head. [demonic ancestry]
  2120 | D:3      | Reached XP level 4. HP: 35/35 MP: 4/4
  2453 | D:3      | Found a hide-covered altar of Uskayaw.
  2455 | D:3      | Noticed a +0 hand axe
  2456 | D:3      | Noticed a +0 hand axe
  2808 | D:4      | Reached skill level 1 in Shields
  2808 | D:4      | Gained mutation: You may rarely emit foul miasma when
                  | damaged in melee. [demonic ancestry]
  2808 | D:4      | Reached XP level 5. HP: 6/42 MP: 5/5
  2876 | D:4      | Reached XP level 6. HP: 28/48 MP: 6/6
  2890 | D:4      | Identified a scroll of acquirement
  2890 | D:4      | Acquired the +8 longbow "Utemin" {flame, rElec rF++ Int+3}
  3001 | D:4      | Found a runed translucent door.
  3219 | D:4      | Noticed epsilonplus's ghost (amateur TeHu)
  3289 | D:4      | Found a sacrificial altar of Ru.
  3561 | D:4      | Killed epsilonplus's ghost
  3562 | D:4      | Reached skill level 1 in Ranged Weapons
  3593 | D:5      | Entered Level 5 of the Dungeon
  3612 | D:5      | Reached XP level 7. HP: 46/55 MP: 7/7
  4264 | D:5      | Gained mutation: You have a pair of horns on your head.
                  | [demonic ancestry]
  4264 | D:5      | Reached XP level 8. HP: 60/61 MP: 8/8
  4291 | D:5      | Reached *** piety under Trog
  4602 | D:5      | Noticed Ijyb
  4607 | D:5      | Reached skill level 5 in Fighting
  4619 | D:5      | Killed Ijyb
  5406 | D:6      | Found a staircase to the Ecumenical Temple.
  5425 | D:6      | Reached **** piety under Trog
  5444 | D:6      | Identified the +6 quarterstaff of Fate {venom, +Blink rElec
                  | rF- Dex-5}
  5469 | D:6      | Reached skill level 5 in Axes
  5560 | D:6      | Found a sand-covered staircase.
  5564 | D:6      | Identified the +6 morningstar "Odymniedgh" {venom, Str+4}
  5576 | D:6      | Gained mutation: You sometimes emit foul miasma when
                  | damaged in melee. [demonic ancestry]
  5576 | D:6      | Reached XP level 9. HP: 34/68 MP: 9/9
  5596 | Ossuary  | Entered an ossuary
  5960 | D:6      | Found a stormy altar of Qazlal.
  5960 | D:6      | Noticed Edmund
  5968 | D:6      | Killed Edmund
  6204 | D:7      | Reached skill level 5 in Ranged Weapons
  6260 | D:7      | Reached ***** piety under Trog
  6348 | D:7      | Slain by a swamp worm

Illustrated notes

Levels and vault maps discovered:
D:1:      dpeg_arrival_stone_temple_mockup, layout_loops_corners,
          basic_ecumenical_altar
D:2:      layout_basic, serial_shops, nicolae_shop_crystal
D:3:      layout_loops_ring, dancing_weapons_uskayaw, minmay_fountain_box
D:4:      layout_rooms, nicolae_ru_sacrificial_ziggurat,
          mainiacjoe_overflow_alcove_4, hellmonk_ghost_happy_afterlife,
          serial_bayou_pond_b, minmay_misc_feat_alley
D:5:      minmay_goblin_kobold_castle, layout_basic, minivault_19,
          minmay_misc_feat_x, uniq_ijyb
D:6:      layout_rooms, grunt_qazlal_sundering,
          minmay_temple_entry_stoned_glass, nicolae_ossuary_entry_monument,
          uniq_edmund
D:7:      layout_basic, worms_lemuel

Skill      XL: |  1  2  3  4  5  6  7  8  9 |
---------------+----------------------------+-----
Armour         | 2 3 4 |  4.9
Dodging        | 2 3 4 |  4.8
Axes           | 3 4 5 |  5.3
Shields        | 1 2 3 |  3.9
Fighting       | 4 5 |  5.8
Ranged Weapons | 1 3 4 5 |  5.0

Action                     |  1- 3 |  4- 6 |  7- 9 || total
---------------------------+-------+-------+-------++-------
  Melee: Hand axe          |   145 |    41 |       ||   186
         Punch             |     1 |       |       ||     1
         Headbutt          |       |     7 |    22 ||    29
         Battleaxe         |       |     3 |   160 ||   163
   Fire: Longbow           |       |    16 |    87 ||   103
  Throw: Boomerang         |       |     2 |       ||     2
 Invoke: Berserk           |       |     3 |       ||     3
         Brothers in Arms  |       |       |     1 ||     1
    Use: Scroll            |     7 |     5 |     1 ||    13
         Potion            |       |       |     2 ||     2
 Armour: Ring mail         |    81 |    18 |   131 ||   230
         Chain mail        |       |       |     7 ||     7
  Dodge: Dodged            |    81 |    34 |   202 ||   317
  Block: Buckler           |     1 |     5 |       ||     6

Table legend: (Time is in decaauts)
 A = Elapsed time spent in this place.
 B = Non-inter-level travel time spent in this place.
 C = Inter-level travel time spent in this place.
 D = Time resting spent in this place.
 E = Time spent auto-exploring this place.
 F = Levels seen in this place.
 G = Mean time per level.
                   A        B        C        D        E       F      G
               +--------+--------+--------+--------+--------+-----+--------+
         Total |   6564 |   6212 |    352 |    933 |   3635 |   8 |  820.5 |
       Dungeon |   6195 |   5843 |    352 |    844 |   3511 |   7 |  885.0 |
       Ossuary |    369 |    369 |      0 |     89 |    124 |   1 |  369.0 |
               +--------+--------+--------+--------+--------+-----+--------+

Top non-repeatable levels by time:
     D:5: 1896 daAuts
     D:2: 1129 daAuts
     D:4: 929 daAuts
     D:1: 866 daAuts
     D:3: 731 daAuts
     D:6: 454 daAuts
 Ossuary: 369 daAuts
     D:7: 186 daAuts
